 Dungeon Crawl Stone Soup version 0.19-a0 (webtiles) character file.

65 st0uf the Skirmisher (level 4, 0/37 HPs)
             Began as a Formicid Abyssal Knight on Apr 27, 2016.
             Was a Follower of Lugonu.
             Succumbed to a worker ant's poison
             ... on level 4 of the Dungeon.
             The game lasted 00:05:28 (1526 turns).

st0uf the Skirmisher (Formicid Abyssal Knight)      Turns: 1526, Time: 00:05:29

Health: 0/37       AC:  9    Str: 15 (16) XL:     4   Next: 34%
Magic:  5/5        EV:  7    Int: 11 (12) God:    Lugonu [*.....]
Gold:   62         SH:  4    Dex: 10 (11) Spells: 0 memorised, 3 levels left

rFire  . . .     SeeInvis +     a - +1 falchion
rCold  . . .     Gourm    .     k - +0 chain mail
rNeg   . . .     Faith    .     (no shield)
rPois  .         Spirit   .     (helmet unavailable)
rElec  .         Dismiss  .     (no cloak)
rCorr  .         Reflect  +     (no gloves)
SustAt +         Harm     .     (no boots)
MR     .....                    i - +4 amulet of reflection
Stlth  ..........               (no ring)
                                h - ring of sustain attributes

@: lethally poisoned (0 -> -6), not resistant to hostile enchantments, extremely
unstealthy
A: permanent stasis, dig shafts and tunnels, four strong arms, antennae 3
a: Dig, Shaft Self, Depart the Abyss, Renounce Religion


You were on level 4 of the Dungeon.
You worshipped Lugonu.
Lugonu was aware of your devotion.
You were hungry.

You visited 1 branch of the dungeon, and saw 3 of its levels.
You visited the Abyss 1 time.

You collected 62 gold pieces.

Inventory:

Hand Weapons
 a - a +1 falchion (weapon)
Missiles
 f - 22 stones (quivered)
Armour
 k - a +0 chain mail (worn)
Jewellery
 h - a ring of sustain attributes (left hand)
 i - a +4 amulet of reflection (around neck)
Scrolls
 b - a scroll of enchant armour {unknown}
 e - a scroll of remove curse {unknown}
 g - a scroll of noise {unknown}
 j - a scroll of enchant weapon {unknown}
 m - a scroll of identify {unknown}
Potions
 d - a potion of brilliance
Comestibles
 c - 3 bread rations


   Skills:
 + Level 4.1 Fighting
 + Level 2.6 Long Blades
 + Level 2.8 Armour
 + Level 1.6 Dodging
 + Level 0.3 Stealth
 + Level 2.2 Invocations


You had 3 spell levels left.
You didn't know any spells.

Dungeon Overview and Level Annotations

Branches:
Dungeon (2/15)

Altars:
Nemelex Xobeh


Innate Abilities, Weirdness & Mutations

You are under a permanent stasis effect.
You can dig through walls and to a lower floor.
Your four strong arms can wield two-handed weapons with a shield.
You have a pair of large antennae on your head (SInv).


Message History

You feel sick. The worker ant bites you.
* * * LOW HITPOINT WARNING * * *
You hit the worker ant but do no damage.
The worker ant is heavily wounded.
You feel sick. The worker ant bites you.
* * * LOW HITPOINT WARNING * * *
The worker ant completely misses you.
Drink which item? (? for menu, Esc to quit)
It was a potion of degeneration.
There was something very wrong with that liquid.
You feel somewhat weakened.
You feel somewhat dopey.
You feel somewhat clumsy.
The worker ant bites you but does no damage.
You hit the worker ant.
The worker ant is almost dead.
* * * LOW HITPOINT WARNING * * *
You feel sick. The worker ant bites you.
* * * LOW HITPOINT WARNING * * *
You closely miss the worker ant.
The worker ant is almost dead.
You die...

#.. #. #...##.(..#
#..##.####...##....#
........#.....#....#
........#.....#....#
........#.....#....#
........#.....#....#
##...##)..##....#
#.8.....8.##....#
........+...ra@....#
........#....##....#
.........⌠.⌠.#######
##........_...#
#....###⌠.⌠.## #....
##...# ..... .....
(......


You could see a worker ant and a quokka.

Vanquished Creatures
  A hound (D:4)
  2 worms
  A dart slug (D:1)
  A giant gecko (D:4)
  An orc (D:4)
  A bat (D:1)
  A giant cockroach (D:1)
  4 goblins (D:1)
  4 hobgoblins
  2 jackals (D:1)
  3 kobolds
  A giant newt (D:1)
  A rat (D:1)
23 creatures vanquished.

Notes
Turn   | Place    | Note
--------------------------------------------------------------
     0 | Abyss:1  | st0uf the Formicid Abyssal Knight began the quest for the Orb.
     0 | Abyss:1  | Reached XP level 1. HP: 18/18 MP: 2/2
    42 | Abyss:1  | Noticed a large abomination
    44 | Abyss:1  | Noticed a wraith
    54 | Abyss:1  | Noticed a starcursed mass
    61 | D:1      | Escaped the Abyss
   465 | D:1      | Reached XP level 2. HP: 24/24 MP: 3/3
   563 | D:1      | Reached * piety under Lugonu
   822 | D:1      | Reached XP level 3. HP: 30/30 MP: 4/4
  1062 | D:2      | Reached skill level 1 in Dodging
  1167 | D:2      | You fall through a shaft for 2 floors!
  1444 | D:4      | Found a sparkling altar of Nemelex Xobeh.
  1445 | D:4      | Found Oweith's Assorted Antiques.
  1450 | D:4      | Reached skill level 4 in Fighting
  1513 | D:4      | Reached XP level 4. HP: 33/37 MP: 5/5
  1525 | D:4      | HP: 1/37 [worker ant (5)]
  1526 | D:4      | Succumbed to a worker ant's poison

Vault maps used:
D:1:      dpeg_arrival_yet_another_circle
D:2:      nicolae_overflow_hidden_temple, gammafunk_pakellas_spire_experiment
D:4:      evilmike_ruin_ashenzari, nemelex_xobeh_ov_fountains_minmay,
          minmay_temple_entry_statues_pillars, serial_shops, shop_statue

Skill      XL: |  1  2  3 |
---------------+----------+-----
Dodging        | 1 |  1.6
Fighting       | 4 |  4.1
Long Blades    | |  2.6
Armour         | |  2.8
Stealth        | |  0.3
Invocations    | |  2.2

Action                   |  1- 3 |  4- 6 || total
-------------------------+-------+-------++-------
Melee: Falchion          |    99 |    12 ||   111
Invok: Depart the Abyss  |     1 |       ||     1
 Abil: Dig               |     1 |       ||     1
       Shaft Self        |     1 |       ||     1
  Use: Potion            |     2 |     1 ||     3
  Eat: Chunk             |     2 |       ||     2
Armor: Leather armour    |    13 |       ||    13
       Chain mail        |    21 |     5 ||    26
Dodge: Dodged            |    39 |     3 ||    42
Block: Other             |    16 |     1 ||    17
